AoeStats
← Turbo

Glade

510520369Analyzed
1v1 RM · 1d ago on Oct 1, 2026· 48m 15s· 2 players
Game mode
Random Map
Map size
Tiny (2 player)
Population
200
Speed
Normal
Resources
Standard
Victory
Conquest
Starting age
Dark Age
Ending age
Imperial Age
RankedLock teamsTeams togetherTeam positionsShared explorationLock speedFull tech treeHidden civsTurbo modeCheats
Victory
Defeat
🇫🇷 Poles · France
726
+17
🇩🇪 Saxons · Germany
747
-41
Turbo
7:45 Loom
8:21 Loom
10:53 Feudal Age
20:58 Castle Age
18:47 Double-Bit Axe
19:16 Forging
19:06 Padded Archer Armor
20:05 Horse Collar
21:10 Crossbowman
21:53 Pikeman
23:55 Thumb Ring
28:16 Bloodlines
28:07 Husbandry
27:31 Light Cavalry
28:48 Bow Saw
28:38 Fletching
29:03 Leather Archer Armor
30:02 Murder Holes
32:27 Wheelbarrow
33:07 Town Watch
33:47 Ballistics
37:01 Imperial Age
35:23 Bodkin Arrow
35:51 Hand Cart
37:39 Scale Barding Armor
38:10 Iron Casting
38:09 Heavy Plow
38:16 Bracer
40:28 Lechitic Legacy
40:29 Conscription
39:45 Winged Hussar
41:27 Crop Rotation
41:55 Chain Barding Armor
42:36 Blast Furnace
42:17 Arbalester
43:37 Capped Ram
44:42 Elite Obuch
45:52 Squires
Flipsiii
11:05 Feudal Age
12:03 Loom
12:49 Arson
14:23 Forging
14:32 Double-Bit Axe
14:29 Horse Collar
19:51 Bloodlines
23:09 Man-at-Arms
28:19 Castle Age
30:55 Bow Saw
30:39 Gold Mining
30:39 Stone Mining
37:15 Husbandry
36:36 Light Cavalry
39:27 Scale Barding Armor
40:25 Clerical Recruitment
44:05 Herbal Medicine
Connection lost

Rejoining the realm…

Still unreachable

The connection could not be restored.

Session expired

The server has moved on; the page needs a fresh start.